%YAML 1.1
%TAG !u! tag:unity3d.com,2011:
--- !u!1 &2526122887025813348
GameObject:
  m_ObjectHideFlags: 0
  m_CorrespondingSourceObject: {fileID: 0}
  m_PrefabInstance: {fileID: 0}
  m_PrefabAsset: {fileID: 0}
  serializedVersion: 6
  m_Component:
  - component: {fileID: 2526122887025813349}
  m_Layer: 0
  m_Name: Sheet
  m_TagString: Untagged
  m_Icon: {fileID: 0}
  m_NavMeshLayer: 0
  m_StaticEditorFlags: 0
  m_IsActive: 1
--- !u!224 &2526122887025813349
RectTransform:
  m_ObjectHideFlags: 0
  m_CorrespondingSourceObject: {fileID: 0}
  m_PrefabInstance: {fileID: 0}
  m_PrefabAsset: {fileID: 0}
  m_GameObject: {fileID: 2526122887025813348}
  m_LocalRotation: {x: -0, y: -0, z: -0, w: 1}
  m_LocalPosition: {x: 0, y: 0, z: 0}
  m_LocalScale: {x: 1, y: 1, z: 1}
  m_Children:
  - {fileID: 7786080800494179966}
  - {fileID: 475318851421622208}
  - {fileID: 475318852592691781}
  - {fileID: 475318851493887502}
  m_Father: {fileID: 0}
  m_RootOrder: 0
  m_LocalEulerAnglesHint: {x: 0, y: 0, z: 0}
  m_AnchorMin: {x: 0, y: 1}
  m_AnchorMax: {x: 1, y: 1}
  m_AnchoredPosition: {x: 0, y: 0}
  m_SizeDelta: {x: -20, y: 360}
  m_Pivot: {x: 0.5, y: 1}
--- !u!1001 &2526122886229285140
PrefabInstance:
  m_ObjectHideFlags: 0
  serializedVersion: 2
  m_Modification:
    m_TransformParent: {fileID: 2526122887025813349}
    m_Modifications:
    - target: {fileID: 2708418866345358161, guid: 99cc9061465b630439a3f051b65d67b2,
        type: 3}
      propertyPath: m_Pivot.x
      value: 0.5
      objectReference: {fileID: 0}
    - target: {fileID: 2708418866345358161, guid: 99cc9061465b630439a3f051b65d67b2,
        type: 3}
      propertyPath: m_Pivot.y
      value: 0.5
      objectReference: {fileID: 0}
    - target: {fileID: 2708418866345358161, guid: 99cc9061465b630439a3f051b65d67b2,
        type: 3}
      propertyPath: m_RootOrder
      value: 2
      objectReference: {fileID: 0}
    - target: {fileID: 2708418866345358161, guid: 99cc9061465b630439a3f051b65d67b2,
        type: 3}
      propertyPath: m_AnchorMax.x
      value: 1
      objectReference: {fileID: 0}
    - target: {fileID: 2708418866345358161, guid: 99cc9061465b630439a3f051b65d67b2,
        type: 3}
      propertyPath: m_AnchorMax.y
      value: 0.5
      objectReference: {fileID: 0}
    - target: {fileID: 2708418866345358161, guid: 99cc9061465b630439a3f051b65d67b2,
        type: 3}
      propertyPath: m_AnchorMin.x
      value: 0
      objectReference: {fileID: 0}
    - target: {fileID: 2708418866345358161, guid: 99cc9061465b630439a3f051b65d67b2,
        type: 3}
      propertyPath: m_AnchorMin.y
      value: 0.5
      objectReference: {fileID: 0}
    - target: {fileID: 2708418866345358161, guid: 99cc9061465b630439a3f051b65d67b2,
        type: 3}
      propertyPath: m_SizeDelta.x
      value: 0
      objectReference: {fileID: 0}
    - target: {fileID: 2708418866345358161, guid: 99cc9061465b630439a3f051b65d67b2,
        type: 3}
      propertyPath: m_SizeDelta.y
      value: 100
      objectReference: {fileID: 0}
    - target: {fileID: 2708418866345358161, guid: 99cc9061465b630439a3f051b65d67b2,
        type: 3}
      propertyPath: m_LocalPosition.x
      value: 0
      objectReference: {fileID: 0}
    - target: {fileID: 2708418866345358161, guid: 99cc9061465b630439a3f051b65d67b2,
        type: 3}
      propertyPath: m_LocalPosition.y
      value: 0
      objectReference: {fileID: 0}
    - target: {fileID: 2708418866345358161, guid: 99cc9061465b630439a3f051b65d67b2,
        type: 3}
      propertyPath: m_LocalPosition.z
      value: 0
      objectReference: {fileID: 0}
    - target: {fileID: 2708418866345358161, guid: 99cc9061465b630439a3f051b65d67b2,
        type: 3}
      propertyPath: m_LocalRotation.w
      value: 1
      objectReference: {fileID: 0}
    - target: {fileID: 2708418866345358161, guid: 99cc9061465b630439a3f051b65d67b2,
        type: 3}
      propertyPath: m_LocalRotation.x
      value: -0
      objectReference: {fileID: 0}
    - target: {fileID: 2708418866345358161, guid: 99cc9061465b630439a3f051b65d67b2,
        type: 3}
      propertyPath: m_LocalRotation.y
      value: -0
      objectReference: {fileID: 0}
    - target: {fileID: 2708418866345358161, guid: 99cc9061465b630439a3f051b65d67b2,
        type: 3}
      propertyPath: m_LocalRotation.z
      value: -0
      objectReference: {fileID: 0}
    - target: {fileID: 2708418866345358161, guid: 99cc9061465b630439a3f051b65d67b2,
        type: 3}
      propertyPath: m_AnchoredPosition.x
      value: 0
      objectReference: {fileID: 0}
    - target: {fileID: 2708418866345358161, guid: 99cc9061465b630439a3f051b65d67b2,
        type: 3}
      propertyPath: m_AnchoredPosition.y
      value: 0
      objectReference: {fileID: 0}
    - target: {fileID: 2708418866345358161, guid: 99cc9061465b630439a3f051b65d67b2,
        type: 3}
      propertyPath: m_LocalEulerAnglesHint.x
      value: 0
      objectReference: {fileID: 0}
    - target: {fileID: 2708418866345358161, guid: 99cc9061465b630439a3f051b65d67b2,
        type: 3}
      propertyPath: m_LocalEulerAnglesHint.y
      value: 0
      objectReference: {fileID: 0}
    - target: {fileID: 2708418866345358161, guid: 99cc9061465b630439a3f051b65d67b2,
        type: 3}
      propertyPath: m_LocalEulerAnglesHint.z
      value: 0
      objectReference: {fileID: 0}
    - target: {fileID: 8401704936506277784, guid: 99cc9061465b630439a3f051b65d67b2,
        type: 3}
      propertyPath: m_Name
      value: Row Sheet 2
      objectReference: {fileID: 0}
    m_RemovedComponents: []
  m_SourcePrefab: {fileID: 100100000, guid: 99cc9061465b630439a3f051b65d67b2, type: 3}
--- !u!224 &475318852592691781 stripped
RectTransform:
  m_CorrespondingSourceObject: {fileID: 2708418866345358161, guid: 99cc9061465b630439a3f051b65d67b2,
    type: 3}
  m_PrefabInstance: {fileID: 2526122886229285140}
  m_PrefabAsset: {fileID: 0}
--- !u!1001 &2526122887311379807
PrefabInstance:
  m_ObjectHideFlags: 0
  serializedVersion: 2
  m_Modification:
    m_TransformParent: {fileID: 2526122887025813349}
    m_Modifications:
    - target: {fileID: 2708418866345358161, guid: 99cc9061465b630439a3f051b65d67b2,
        type: 3}
      propertyPath: m_Pivot.x
      value: 0.5
      objectReference: {fileID: 0}
    - target: {fileID: 2708418866345358161, guid: 99cc9061465b630439a3f051b65d67b2,
        type: 3}
      propertyPath: m_Pivot.y
      value: 0.5
      objectReference: {fileID: 0}
    - target: {fileID: 2708418866345358161, guid: 99cc9061465b630439a3f051b65d67b2,
        type: 3}
      propertyPath: m_RootOrder
      value: 3
      objectReference: {fileID: 0}
    - target: {fileID: 2708418866345358161, guid: 99cc9061465b630439a3f051b65d67b2,
        type: 3}
      propertyPath: m_AnchorMax.x
      value: 1
      objectReference: {fileID: 0}
    - target: {fileID: 2708418866345358161, guid: 99cc9061465b630439a3f051b65d67b2,
        type: 3}
      propertyPath: m_AnchorMax.y
      value: 0.5
      objectReference: {fileID: 0}
    - target: {fileID: 2708418866345358161, guid: 99cc9061465b630439a3f051b65d67b2,
        type: 3}
      propertyPath: m_AnchorMin.x
      value: 0
      objectReference: {fileID: 0}
    - target: {fileID: 2708418866345358161, guid: 99cc9061465b630439a3f051b65d67b2,
        type: 3}
      propertyPath: m_AnchorMin.y
      value: 0.5
      objectReference: {fileID: 0}
    - target: {fileID: 2708418866345358161, guid: 99cc9061465b630439a3f051b65d67b2,
        type: 3}
      propertyPath: m_SizeDelta.x
      value: 0
      objectReference: {fileID: 0}
    - target: {fileID: 2708418866345358161, guid: 99cc9061465b630439a3f051b65d67b2,
        type: 3}
      propertyPath: m_SizeDelta.y
      value: 100
      objectReference: {fileID: 0}
    - target: {fileID: 2708418866345358161, guid: 99cc9061465b630439a3f051b65d67b2,
        type: 3}
      propertyPath: m_LocalPosition.x
      value: 0
      objectReference: {fileID: 0}
    - target: {fileID: 2708418866345358161, guid: 99cc9061465b630439a3f051b65d67b2,
        type: 3}
      propertyPath: m_LocalPosition.y
      value: 0
      objectReference: {fileID: 0}
    - target: {fileID: 2708418866345358161, guid: 99cc9061465b630439a3f051b65d67b2,
        type: 3}
      propertyPath: m_LocalPosition.z
      value: 0
      objectReference: {fileID: 0}
    - target: {fileID: 2708418866345358161, guid: 99cc9061465b630439a3f051b65d67b2,
        type: 3}
      propertyPath: m_LocalRotation.w
      value: 1
      objectReference: {fileID: 0}
    - target: {fileID: 2708418866345358161, guid: 99cc9061465b630439a3f051b65d67b2,
        type: 3}
      propertyPath: m_LocalRotation.x
      value: -0
      objectReference: {fileID: 0}
    - target: {fileID: 2708418866345358161, guid: 99cc9061465b630439a3f051b65d67b2,
        type: 3}
      propertyPath: m_LocalRotation.y
      value: -0
      objectReference: {fileID: 0}
    - target: {fileID: 2708418866345358161, guid: 99cc9061465b630439a3f051b65d67b2,
        type: 3}
      propertyPath: m_LocalRotation.z
      value: -0
      objectReference: {fileID: 0}
    - target: {fileID: 2708418866345358161, guid: 99cc9061465b630439a3f051b65d67b2,
        type: 3}
      propertyPath: m_AnchoredPosition.x
      value: 0
      objectReference: {fileID: 0}
    - target: {fileID: 2708418866345358161, guid: 99cc9061465b630439a3f051b65d67b2,
        type: 3}
      propertyPath: m_AnchoredPosition.y
      value: -110
      objectReference: {fileID: 0}
    - target: {fileID: 2708418866345358161, guid: 99cc9061465b630439a3f051b65d67b2,
        type: 3}
      propertyPath: m_LocalEulerAnglesHint.x
      value: 0
      objectReference: {fileID: 0}
    - target: {fileID: 2708418866345358161, guid: 99cc9061465b630439a3f051b65d67b2,
        type: 3}
      propertyPath: m_LocalEulerAnglesHint.y
      value: 0
      objectReference: {fileID: 0}
    - target: {fileID: 2708418866345358161, guid: 99cc9061465b630439a3f051b65d67b2,
        type: 3}
      propertyPath: m_LocalEulerAnglesHint.z
      value: 0
      objectReference: {fileID: 0}
    - target: {fileID: 8401704936506277784, guid: 99cc9061465b630439a3f051b65d67b2,
        type: 3}
      propertyPath: m_Name
      value: Row Sheet 3
      objectReference: {fileID: 0}
    m_RemovedComponents: []
  m_SourcePrefab: {fileID: 100100000, guid: 99cc9061465b630439a3f051b65d67b2, type: 3}
--- !u!224 &475318851493887502 stripped
RectTransform:
  m_CorrespondingSourceObject: {fileID: 2708418866345358161, guid: 99cc9061465b630439a3f051b65d67b2,
    type: 3}
  m_PrefabInstance: {fileID: 2526122887311379807}
  m_PrefabAsset: {fileID: 0}
--- !u!1001 &2526122887395731403
PrefabInstance:
  m_ObjectHideFlags: 0
  serializedVersion: 2
  m_Modification:
    m_TransformParent: {fileID: 2526122887025813349}
    m_Modifications:
    - target: {fileID: 2927930884914990488, guid: 073c29a73b48280438c1a92a79774126,
        type: 3}
      propertyPath: m_text
      value: Expected Sheet
      objectReference: {fileID: 0}
    - target: {fileID: 2927930884914990488, guid: 073c29a73b48280438c1a92a79774126,
        type: 3}
      propertyPath: m_fontColor.b
      value: 0
      objectReference: {fileID: 0}
    - target: {fileID: 2927930884914990488, guid: 073c29a73b48280438c1a92a79774126,
        type: 3}
      propertyPath: m_fontColor.g
      value: 0
      objectReference: {fileID: 0}
    - target: {fileID: 2927930884914990488, guid: 073c29a73b48280438c1a92a79774126,
        type: 3}
      propertyPath: m_fontColor.r
      value: 0
      objectReference: {fileID: 0}
    - target: {fileID: 2927930884914990488, guid: 073c29a73b48280438c1a92a79774126,
        type: 3}
      propertyPath: m_textAlignment
      value: 258
      objectReference: {fileID: 0}
    - target: {fileID: 2927930884914990488, guid: 073c29a73b48280438c1a92a79774126,
        type: 3}
      propertyPath: m_fontColor32.rgba
      value: 4278190080
      objectReference: {fileID: 0}
    - target: {fileID: 2927930884914990488, guid: 073c29a73b48280438c1a92a79774126,
        type: 3}
      propertyPath: m_textInfo.lineCount
      value: 1
      objectReference: {fileID: 0}
    - target: {fileID: 2927930884914990488, guid: 073c29a73b48280438c1a92a79774126,
        type: 3}
      propertyPath: m_textInfo.pageCount
      value: 1
      objectReference: {fileID: 0}
    - target: {fileID: 2927930884914990488, guid: 073c29a73b48280438c1a92a79774126,
        type: 3}
      propertyPath: m_textInfo.wordCount
      value: 2
      objectReference: {fileID: 0}
    - target: {fileID: 2927930884914990488, guid: 073c29a73b48280438c1a92a79774126,
        type: 3}
      propertyPath: m_textInfo.spaceCount
      value: 1
      objectReference: {fileID: 0}
    - target: {fileID: 2927930884914990488, guid: 073c29a73b48280438c1a92a79774126,
        type: 3}
      propertyPath: m_textInfo.characterCount
      value: 14
      objectReference: {fileID: 0}
    - target: {fileID: 2927930884914990488, guid: 073c29a73b48280438c1a92a79774126,
        type: 3}
      propertyPath: m_firstOverflowCharacterIndex
      value: 0
      objectReference: {fileID: 0}
    - target: {fileID: 5693429939941224885, guid: 073c29a73b48280438c1a92a79774126,
        type: 3}
      propertyPath: m_Pivot.x
      value: 0.5
      objectReference: {fileID: 0}
    - target: {fileID: 5693429939941224885, guid: 073c29a73b48280438c1a92a79774126,
        type: 3}
      propertyPath: m_Pivot.y
      value: 1
      objectReference: {fileID: 0}
    - target: {fileID: 5693429939941224885, guid: 073c29a73b48280438c1a92a79774126,
        type: 3}
      propertyPath: m_RootOrder
      value: 0
      objectReference: {fileID: 0}
    - target: {fileID: 5693429939941224885, guid: 073c29a73b48280438c1a92a79774126,
        type: 3}
      propertyPath: m_AnchorMax.x
      value: 1
      objectReference: {fileID: 0}
    - target: {fileID: 5693429939941224885, guid: 073c29a73b48280438c1a92a79774126,
        type: 3}
      propertyPath: m_AnchorMax.y
      value: 1
      objectReference: {fileID: 0}
    - target: {fileID: 5693429939941224885, guid: 073c29a73b48280438c1a92a79774126,
        type: 3}
      propertyPath: m_AnchorMin.x
      value: 0
      objectReference: {fileID: 0}
    - target: {fileID: 5693429939941224885, guid: 073c29a73b48280438c1a92a79774126,
        type: 3}
      propertyPath: m_AnchorMin.y
      value: 1
      objectReference: {fileID: 0}
    - target: {fileID: 5693429939941224885, guid: 073c29a73b48280438c1a92a79774126,
        type: 3}
      propertyPath: m_SizeDelta.x
      value: 0
      objectReference: {fileID: 0}
    - target: {fileID: 5693429939941224885, guid: 073c29a73b48280438c1a92a79774126,
        type: 3}
      propertyPath: m_SizeDelta.y
      value: 30
      objectReference: {fileID: 0}
    - target: {fileID: 5693429939941224885, guid: 073c29a73b48280438c1a92a79774126,
        type: 3}
      propertyPath: m_LocalPosition.x
      value: 0
      objectReference: {fileID: 0}
    - target: {fileID: 5693429939941224885, guid: 073c29a73b48280438c1a92a79774126,
        type: 3}
      propertyPath: m_LocalPosition.y
      value: 0
      objectReference: {fileID: 0}
    - target: {fileID: 5693429939941224885, guid: 073c29a73b48280438c1a92a79774126,
        type: 3}
      propertyPath: m_LocalPosition.z
      value: 0
      objectReference: {fileID: 0}
    - target: {fileID: 5693429939941224885, guid: 073c29a73b48280438c1a92a79774126,
        type: 3}
      propertyPath: m_LocalRotation.w
      value: 1
      objectReference: {fileID: 0}
    - target: {fileID: 5693429939941224885, guid: 073c29a73b48280438c1a92a79774126,
        type: 3}
      propertyPath: m_LocalRotation.x
      value: 0
      objectReference: {fileID: 0}
    - target: {fileID: 5693429939941224885, guid: 073c29a73b48280438c1a92a79774126,
        type: 3}
      propertyPath: m_LocalRotation.y
      value: 0
      objectReference: {fileID: 0}
    - target: {fileID: 5693429939941224885, guid: 073c29a73b48280438c1a92a79774126,
        type: 3}
      propertyPath: m_LocalRotation.z
      value: 0
      objectReference: {fileID: 0}
    - target: {fileID: 5693429939941224885, guid: 073c29a73b48280438c1a92a79774126,
        type: 3}
      propertyPath: m_AnchoredPosition.x
      value: 0
      objectReference: {fileID: 0}
    - target: {fileID: 5693429939941224885, guid: 073c29a73b48280438c1a92a79774126,
        type: 3}
      propertyPath: m_AnchoredPosition.y
      value: -5
      objectReference: {fileID: 0}
    - target: {fileID: 5693429939941224885, guid: 073c29a73b48280438c1a92a79774126,
        type: 3}
      propertyPath: m_LocalEulerAnglesHint.x
      value: 0
      objectReference: {fileID: 0}
    - target: {fileID: 5693429939941224885, guid: 073c29a73b48280438c1a92a79774126,
        type: 3}
      propertyPath: m_LocalEulerAnglesHint.y
      value: 0
      objectReference: {fileID: 0}
    - target: {fileID: 5693429939941224885, guid: 073c29a73b48280438c1a92a79774126,
        type: 3}
      propertyPath: m_LocalEulerAnglesHint.z
      value: 0
      objectReference: {fileID: 0}
    - target: {fileID: 6241969879971317960, guid: 073c29a73b48280438c1a92a79774126,
        type: 3}
      propertyPath: m_Name
      value: Title
      objectReference: {fileID: 0}
    m_RemovedComponents: []
  m_SourcePrefab: {fileID: 100100000, guid: 073c29a73b48280438c1a92a79774126, type: 3}
--- !u!224 &7786080800494179966 stripped
RectTransform:
  m_CorrespondingSourceObject: {fileID: 5693429939941224885, guid: 073c29a73b48280438c1a92a79774126,
    type: 3}
  m_PrefabInstance: {fileID: 2526122887395731403}
  m_PrefabAsset: {fileID: 0}
--- !u!1001 &2526122887919926417
PrefabInstance:
  m_ObjectHideFlags: 0
  serializedVersion: 2
  m_Modification:
    m_TransformParent: {fileID: 2526122887025813349}
    m_Modifications:
    - target: {fileID: 2708418866345358161, guid: 99cc9061465b630439a3f051b65d67b2,
        type: 3}
      propertyPath: m_Pivot.x
      value: 0.5
      objectReference: {fileID: 0}
    - target: {fileID: 2708418866345358161, guid: 99cc9061465b630439a3f051b65d67b2,
        type: 3}
      propertyPath: m_Pivot.y
      value: 0.5
      objectReference: {fileID: 0}
    - target: {fileID: 2708418866345358161, guid: 99cc9061465b630439a3f051b65d67b2,
        type: 3}
      propertyPath: m_RootOrder
      value: 1
      objectReference: {fileID: 0}
    - target: {fileID: 2708418866345358161, guid: 99cc9061465b630439a3f051b65d67b2,
        type: 3}
      propertyPath: m_AnchorMax.x
      value: 1
      objectReference: {fileID: 0}
    - target: {fileID: 2708418866345358161, guid: 99cc9061465b630439a3f051b65d67b2,
        type: 3}
      propertyPath: m_AnchorMax.y
      value: 0.5
      objectReference: {fileID: 0}
    - target: {fileID: 2708418866345358161, guid: 99cc9061465b630439a3f051b65d67b2,
        type: 3}
      propertyPath: m_AnchorMin.x
      value: 0
      objectReference: {fileID: 0}
    - target: {fileID: 2708418866345358161, guid: 99cc9061465b630439a3f051b65d67b2,
        type: 3}
      propertyPath: m_AnchorMin.y
      value: 0.5
      objectReference: {fileID: 0}
    - target: {fileID: 2708418866345358161, guid: 99cc9061465b630439a3f051b65d67b2,
        type: 3}
      propertyPath: m_SizeDelta.x
      value: 0
      objectReference: {fileID: 0}
    - target: {fileID: 2708418866345358161, guid: 99cc9061465b630439a3f051b65d67b2,
        type: 3}
      propertyPath: m_SizeDelta.y
      value: 100
      objectReference: {fileID: 0}
    - target: {fileID: 2708418866345358161, guid: 99cc9061465b630439a3f051b65d67b2,
        type: 3}
      propertyPath: m_LocalPosition.x
      value: 0
      objectReference: {fileID: 0}
    - target: {fileID: 2708418866345358161, guid: 99cc9061465b630439a3f051b65d67b2,
        type: 3}
      propertyPath: m_LocalPosition.y
      value: 0
      objectReference: {fileID: 0}
    - target: {fileID: 2708418866345358161, guid: 99cc9061465b630439a3f051b65d67b2,
        type: 3}
      propertyPath: m_LocalPosition.z
      value: 0
      objectReference: {fileID: 0}
    - target: {fileID: 2708418866345358161, guid: 99cc9061465b630439a3f051b65d67b2,
        type: 3}
      propertyPath: m_LocalRotation.w
      value: 1
      objectReference: {fileID: 0}
    - target: {fileID: 2708418866345358161, guid: 99cc9061465b630439a3f051b65d67b2,
        type: 3}
      propertyPath: m_LocalRotation.x
      value: -0
      objectReference: {fileID: 0}
    - target: {fileID: 2708418866345358161, guid: 99cc9061465b630439a3f051b65d67b2,
        type: 3}
      propertyPath: m_LocalRotation.y
      value: -0
      objectReference: {fileID: 0}
    - target: {fileID: 2708418866345358161, guid: 99cc9061465b630439a3f051b65d67b2,
        type: 3}
      propertyPath: m_LocalRotation.z
      value: -0
      objectReference: {fileID: 0}
    - target: {fileID: 2708418866345358161, guid: 99cc9061465b630439a3f051b65d67b2,
        type: 3}
      propertyPath: m_AnchoredPosition.x
      value: 0
      objectReference: {fileID: 0}
    - target: {fileID: 2708418866345358161, guid: 99cc9061465b630439a3f051b65d67b2,
        type: 3}
      propertyPath: m_AnchoredPosition.y
      value: 110
      objectReference: {fileID: 0}
    - target: {fileID: 2708418866345358161, guid: 99cc9061465b630439a3f051b65d67b2,
        type: 3}
      propertyPath: m_LocalEulerAnglesHint.x
      value: 0
      objectReference: {fileID: 0}
    - target: {fileID: 2708418866345358161, guid: 99cc9061465b630439a3f051b65d67b2,
        type: 3}
      propertyPath: m_LocalEulerAnglesHint.y
      value: 0
      objectReference: {fileID: 0}
    - target: {fileID: 2708418866345358161, guid: 99cc9061465b630439a3f051b65d67b2,
        type: 3}
      propertyPath: m_LocalEulerAnglesHint.z
      value: 0
      objectReference: {fileID: 0}
    - target: {fileID: 8401704936506277784, guid: 99cc9061465b630439a3f051b65d67b2,
        type: 3}
      propertyPath: m_Name
      value: Row Sheet 1
      objectReference: {fileID: 0}
    m_RemovedComponents: []
  m_SourcePrefab: {fileID: 100100000, guid: 99cc9061465b630439a3f051b65d67b2, type: 3}
--- !u!224 &475318851421622208 stripped
RectTransform:
  m_CorrespondingSourceObject: {fileID: 2708418866345358161, guid: 99cc9061465b630439a3f051b65d67b2,
    type: 3}
  m_PrefabInstance: {fileID: 2526122887919926417}
  m_PrefabAsset: {fileID: 0}
